 Dungeon Crawl Stone Soup version 0.31-a0-321-g19405a7a6a (webtiles) character file.

Game seed: 10733300864996068700

54679 Midn8 the Grappler (level 14, -2/130 HPs)
             Began as an Armataur Shapeshifter on July 17, 2023.
             Was a High Priest of Okawaru.
             Succumbed to a cane toad's poison
             ... on level 5 of the Lair of Beasts.
             The game lasted 00:47:07 (17912 turns).

Midn8 the Grappler (Armataur Shapeshifter)         Turns: 17912, Time: 00:47:08

Health: -2/130     AC: 14    Str: 23    XL:     14   Next: 35%
Magic:  16/18      EV:  8    Int:  8    God:    Okawaru [*****.]
Gold:   776        SH:  0    Dex: 20    Spells: 13/13 levels left

rFire   + .          .
                       - Unarmed
rCold   . . .        (no shield)
rNeg    . . .        N - melded +3 robe of Clouds {*Thunder rCloud rElec}
rPois   .            j - +2 helmet
rElec   .            (no cloak)
rCorr   .            (no gloves)
SInv    .            i - +4 barding {rF+}
Will    +....        T - amulet of regeneration
Stlth   ++           f - +6 ring of dexterity
HPRegen 1.21/turn    z - ring of flight
MPRegen 0.16/turn

%: roll
@: lethally poisoned (-2 -> -25), maw-form, flying
A: devouring maw, large, rugged brown scales 3, deformed body, armoured tail,
roll, long tongue, awkward tongue
a: Begin Untransformation, Renounce Religion, Heroism, Finesse, Duel


You were on level 5 of the Lair of Beasts.
You worshipped Okawaru.
Okawaru was extremely pleased with you.
You were a creature with a mouth for a stomach.
You visited 3 branches of the dungeon, and saw 16 of its levels.
You also visited: Bailey.

You collected 2339 gold pieces.
You spent 1563 gold pieces at shops.

Inventory:

Missiles
 A - 17 poisoned darts (quivered)
 F - 5 throwing nets
 O - 7 silver javelins
 U - 3 curare-tipped darts
 W - 11 boomerangs
 Z - 11 javelins
Armour
 i - a +4 barding of fire resistance (worn)
 j - a +2 helmet (worn)
 v - an orb of mayhem
 N - the +3 robe of Clouds (melded) {*Thunder rCloud rElec}
   (You found it on level 7 of the Dungeon)

   *Thunder:  It occasionally creates storm clouds above nearby enemies.
   rCloud:    It grants its wearer immunity to clouds.
   rElec:     It insulates you from electricity.
Jewellery
 f - a +6 ring of dexterity (left hand)
 l - a ring of protection from cold
 z - a ring of flight (right hand)
 M - a ring of protection from fire
 P - a ring of poison resistance
 T - an amulet of regeneration (around neck)
Talismans
 a - a maw talisman
 c - a beast talisman
Wands
 u - a wand of light (16)
 x - a wand of charming (13)
 y - a wand of polymorph (7)
 I - a wand of roots (20)
 K - a wand of flame (37)
Scrolls
 d - 10 scrolls of teleportation
 e - a scroll of enchant armour
 g - 2 scrolls of enchant weapon
 h - a scroll of blinking
 o - 3 scrolls of poison
 p - a scroll of butterflies {unknown}
 r - 4 scrolls of amnesia
 s - 2 scrolls of immolation
 t - a scroll of vulnerability
 E - a scroll of fear
 H - a scroll of noise
 V - 5 scrolls of fog
 X - 2 scrolls of torment
 Y - a scroll of silence
Potions
 b - 2 potions of lignification
 k - 4 potions of might
 n - 2 potions of cancellation
 q - 2 potions of resistance
 w - 2 potions of magic
 B - 3 potions of mutation
 C - a potion of brilliance
 D - a potion of haste
 G - 2 potions of ambrosia
 J - 6 potions of curing
 L - 5 potions of attraction
 Q - 5 potions of berserk rage
 R - a potion of invisibility
 S - 3 potions of heal wounds
Miscellaneous
 m - a condenser vane


   Skills:
 + Level 10.8 Fighting
 - Level 1.6 Armour
 - Level 1.3 Dodging
 - Level 14.0 Unarmed Combat
 - Level 6.0 Invocations
 - Level 4.0 Evocations
 - Level 11.0 Shapeshifting


You had 13 spell levels left.
You didn't know any spells.
Your spell library contained the following spells:

 Spells                   Type           Power      Damage    Failure   Level
 Kiss of Death            Conj/Necr      0%         2d5       41%         1
 Slow                     Hex            0%         N/A       41%         1
 Wereblood                Tmut           0%         N/A       54%         2
 Confusing Touch          Hex            0%         N/A       78%         3
 Hailstorm                Conj/Ice       0%         3d3       78%         3
 Vampiric Draining        Necr           0%         2d6       78%         3
 Anguish                  Hex/Necr       0%         N/A       99%         4
 Cause Fear               Hex            0%         N/A       99%         4
 Dispel Undead            Necr           0%         3d6       99%         4
 Irradiate                Conj/Tmut      0%         3d11      100%        5
 Enfeeble                 Hex            0%         N/A       100%        7
 Summon Ice Beast         Ice/Summ       Unusable   N/A       N/A         4
 Simulacrum               Ice/Necr       Unusable   N/A       N/A         6

Dungeon Overview and Level Annotations

Branches:
Dungeon (10/15)            Temple (1/1) D:5            Lair (5/5) D:10
 Shoals (0/4) Lair:3       Spider (0/4) Lair:2        Slime (0/5) Lair:4
 Bailey (visited)
    Orc: D:9-12

Altars:
Ashenzari
Cheibriados
Dithmenos
Elyvilon
Fedhas
Gozag
Hepliaklqana
Kikubaaqudgha
Makhleb
Nemelex Xobeh
Okawaru
Qazlal
Ru
Sif Muna
Trog
Uskayaw
Vehumet
Wu Jian
Xom
Yredelemnul
Zin
The Shining One

Shops:
D:2 *   D:6 :   D:10 (!?(?

Annotations:
D:2 1 runed translucent door, Crazy Yiuf
D:7 2 transporters, cforsyth's ghost, novice MeFi
D:10 1 runed translucent door
Lair:3 1 runed translucent door, Ifupes's ghost, journeyman DsCK
Lair:4 exclusion: 3 oklob plants


Innate Abilities, Weirdness & Mutations

You are a creature with a mouth for a stomach.
Your midsection houses a second, enormous mouth.
You are completely covered in rugged brown scales. (AC +3, +7% HP)
Armour fits poorly on your strangely shaped body.
You have a long armoured tail.
You roll when moving toward enemies. (Rampage)
Your long tongue fully drains potion bottles. (2x potion effects)
Your tongue gives you trouble enunciating. (1.5x scroll delay)


Message History

As you slowly read the scroll of teleportation, it crumbles to dust.
You feel strangely unstable.
You feel extremely sick.
The blink frog blinks!
The six-headed hydra bites you. x2
The six-headed hydra barely misses you. The six-headed hydra bites you!
* * * LOW HITPOINT WARNING * * *
The six-headed hydra bites you.
* * * LOW HITPOINT WARNING * * *
The six-headed hydra barely misses you.
The cane toad stings you but does no damage.
The six-headed hydra bites you!
* * * LOW HITPOINT WARNING * * *
The six-headed hydra bites you.
* * * LOW HITPOINT WARNING * * *
The six-headed hydra closely misses you.
The six-headed hydra barely misses you.
The six-headed hydra bites you but does no damage.
The six-headed hydra bites you.
* * * LOW HITPOINT WARNING * * *
You feel much better.
You slurp down every last drop of the potion of heal wounds!
You feel like a meek peon again.
You feel very sick.
The cane toad stings you but does no damage.
The blink frog blinks!
The six-headed hydra bites you!
* * * LOW HITPOINT WARNING * * *
The six-headed hydra bites you but does no damage.
The six-headed hydra bites you!
* * * LOW HITPOINT WARNING * * *
The six-headed hydra bites you!
* * * LOW HITPOINT WARNING * * *
The six-headed hydra bites you but does no damage. x2
The cane toad attacks as you move away! The cane toad stings you.
* * * LOW HITPOINT WARNING * * *
You are more poisoned.
The cane toad poisons you!
Your surroundings suddenly seem different.
A rime drake comes into view.
Found a scroll of enchant armour.
You die...

. ~#~~~~#~~##~ .##
....#..~#~~#~~~##~ ...
.....P..~.......~† ....
#.......~?......P†
....?##.P...........?...
.....#k.................
.P......... [...........
#P......# ##...######.
#....W#.##############
#.......#.#####.#..###
..#.#....................
....##..#.................
.....##.##.#..P...........
#......#.##..#....#.P.##.
#....##.#....#.######...
#...........P#.#........
.#.........<...........


You could see a rime drake (wandering).

Vanquished Creatures
  3 hydras
  Harold (Lair:2)
  A merfolk avatar (Lair:5)
  The ghost of shakesphere1979 the Fighter, a journeyman GrBe of Trog (Lair:1)
  A boulder beetle (Lair:4)
  3 death yaks (Lair:4)
  A two-headed ogre (D:10)
  2 sea snakes (Lair:5)
  Pikel (D:4)
  4 elephants
  3 black mambas
  Joseph (D:8)
  6 cane toads
  Maggie (D:6)
  8 komodo dragons
  4 rime drakes
  A polar bear (Lair:2)
  Grinder (D:4)
  A hornet (D:10)
  11 blink frogs
  2 culicivoras (Lair:2)
  A snapping turtle (Lair:5)
  Sigmund (D:6)
  25 yaks
  4 wyverns
  2 basilisks (Lair:2)
  A steam dragon (D:9)
  Grum (D:10)
  Menkaure (D:6)
  An acid dragon (D:9)
  17 water moccasins
  2 sky beasts
  3 black bears
  13 orc warriors
  An ogre (D:5)
  2 centaurs
  9 wolves
  2 phantoms
  4 kobold brigands
  10 bullfrogs
  A scorpion (D:7)
  9 wights
  4 killer bees (D:8)
  4 howler monkeys
  7 hounds
  2 jellies (D:5)
  7 orc priests
  2 gnoll boudas
  Jessica (D:2)
  2 iguanas
  Natasha (thrice) (D:2)
  2 sleepcaps
  5 orc wizards
  Robin (D:2)
  13 gnolls
  8 adders
  A shadow imp (D:7)
  A white imp (D:8)
  An ufetubus (D:5)
  2 worms
  3 dart slugs (D:1)
  42 orcs
  5 ball pythons
  6 endoplasms
  4 giant cockroaches
  29 goblins
  26 hobgoblins
  2 jackals (D:1)
  4 quokkas
  3 bats
  2 frilled lizards
  24 kobolds
  6 rats
389 creatures vanquished.

Notes
Turn   | Place    | Note
-------+----------+-------------------------------------------
     0 | D:1      | Midn8 the Armataur Shapeshifter began the quest for the
                  | Orb.
     0 | D:1      | Reached XP level 1. HP: 18/18 MP: 1/1
    45 | D:1      | Reached skill level 2 in Unarmed Combat
   224 | D:1      | Reached XP level 2. HP: 22/25 MP: 2/2
   444 | D:1      | Reached skill level 3 in Unarmed Combat
   458 | D:1      | You fall into a shaft and drop 1 floor!
   524 | D:2      | Noticed Robin
   551 | D:2      | Killed Robin
   552 | D:2      | Reached XP level 3. HP: 29/31 MP: 3/3
  1271 | D:2      | Reached XP level 4. HP: 38/38 MP: 4/4
  1312 | D:2      | Reached skill level 4 in Unarmed Combat
  1497 | D:2      | Noticed Jessica
  1501 | D:2      | Killed Jessica
  1524 | D:2      | Noticed Natasha
  1530 | D:2      | Killed Natasha
  1589 | D:2      | Found Xitoe's Assorted Antiques.
  1594 | D:2      | Bought a potion of lignification for 72 gold pieces
  1594 | D:2      | Bought a scroll labelled ZIUQIDW XAQIDGH for 24 gold pieces
  1594 | D:2      | Bought a scroll labelled RICESCH CETAC for 24 gold pieces
  1594 | D:2      | Bought a scroll labelled RICESCH CETAC for 24 gold pieces
  1594 | D:2      | Bought a scroll labelled RICESCH CETAC for 24 gold pieces
  1705 | D:2      | Noticed Natasha
  1713 | D:2      | Killed Natasha
  1714 | D:2      | Reached XP level 5. HP: 29/43 MP: 5/5
  1986 | D:2      | Noticed Natasha
  1991 | D:2      | Killed Natasha
  1992 | D:2      | Reached skill level 5 in Unarmed Combat
  2004 | D:2      | Found a runed translucent door.
  2005 | D:2      | Noticed Crazy Yiuf
  2218 | D:3      | Found a broken altar of Ashenzari.
  2599 | D:3      | Found a faded altar of an unknown god.
  2808 | D:3      | Reached XP level 6. HP: 51/51 MP: 6/6
  3193 | D:4      | Reached skill level 6 in Unarmed Combat
  3243 | D:4      | Found a large runed translucent door.
  3244 | D:4      | Found a large runed translucent door.
  3543 | D:4      | Noticed Grinder
  3548 | D:4      | Paralysed by Grinder for 4 turns
  3554 | D:4      | Killed Grinder
  3555 | D:4      | Reached XP level 7. HP: 45/60 MP: 7/7
  3748 | D:4      | Noticed Pikel
  3795 | D:4      | Killed Pikel
  3796 | D:4      | Reached skill level 8 in Unarmed Combat
  3796 | D:4      | Reached XP level 8. HP: 53/70 MP: 8/8
  4427 | D:4      | Found a sparkling altar of Nemelex Xobeh.
  4503 | D:4      | Found a glowing silver altar of Zin.
  4524 | D:5      | Entered Level 5 of the Dungeon
  4744 | D:5      | Reached skill level 5 in Fighting
  5180 | D:5      | Found a staircase to the Ecumenical Temple.
  5193 | Temple   | Entered the Ecumenical Temple
  5200 | Temple   | Became a worshipper of Warmaster Okawaru
  5468 | D:6      | Reached skill level 9 in Unarmed Combat
  5773 | D:6      | Reached * piety under Okawaru
  5785 | D:6      | Reached XP level 9. HP: 37/79 MP: 9/9
  5961 | D:6      | Noticed Sigmund
  5965 | D:6      | Killed Sigmund
  5966 | D:6      | Reached skill level 10 in Unarmed Combat
  5966 | D:6      | Reached skill level 1 in Invocations
  6073 | D:6      | Found a blossoming altar of Fedhas.
  6083 | D:6      | Identified the +1 long sword "Lemocs" {drain, rN+ Will-
                  | Int+6 Dex+4}
  6087 | D:6      | Found Illad Meyps's Book Shop.
  6302 | D:6      | Noticed Maggie
  6327 | D:6      | Killed Maggie
  6603 | D:6      | Noticed Menkaure
  6608 | D:6      | Killed Menkaure
  6608 | D:6      | Reached ** piety under Okawaru
  7013 | D:7      | Reached skill level 5 in Invocations
  7042 | D:7      | Found a transporter.
  7042 | D:7      | Found a transporter.
  7044 | D:7      | Noticed a moth of wrath
  7052 | D:7      | Noticed cforsyth's ghost (novice MeFi)
  7151 | D:7      | Found a bloodstained altar of Trog.
  7367 | D:7      | Reached skill level 1 in Armour
  7370 | D:7      | Found the +3 robe of Clouds {*Thunder rCloud rElec}
  7493 | D:7      | Reached XP level 10. HP: 75/88 MP: 14/14
  8213 | D:8      | Reached *** piety under Okawaru
  8400 | D:8      | Reached skill level 1 in Evocations
  9044 | D:8      | Noticed Joseph
  9051 | D:8      | Killed Joseph
  9389 | D:9      | Found a flagged portal.
  9421 | Bailey   | Entered a bailey
  9701 | Bailey   | Reached **** piety under Okawaru
  9854 | Bailey   | Noticed an orc warlord
  9857 | Bailey   | Noticed an orc knight
  9942 | D:9      | Reached skill level 11 in Unarmed Combat
 10726 | D:10     | Entered Level 10 of the Dungeon
 10732 | D:10     | Noticed a two-headed ogre
 10733 | D:10     | Killed a two-headed ogre
 10737 | D:10     | Reached XP level 11. HP: 98/98 MP: 15/15
 10806 | D:10     | Found Dexodur's Weapon Emporium.
 10837 | D:10     | Noticed Grum
 10852 | D:10     | Killed Grum
 10859 | D:10     | Reached skill level 12 in Unarmed Combat
 11265 | D:10     | Found a staircase to the Lair.
 11329 | D:10     | Noticed a boulder beetle
 11809 | D:10     | Identified the +5 mace of Kehon {heavy, rF+ Dex+3}
 11810 | D:10     | Found a runed translucent door.
 11828 | D:10     | Found Giseyps's Magic Scroll Boutique.
 11986 | D:10     | Found Dycogisy's Magic Scroll Shoppe.
 12366 | D:10     | Found Lyamu's Weapon Shop.
 12399 | D:10     | Found Leivick's Distillery.
 12555 | Lair:1   | Entered Level 1 of the Lair of Beasts
 12600 | Lair:1   | Identified the +1 leather armour "Pyhiv" {rC+}
 12751 | Lair:1   | Reached skill level 5 in Shapeshifting
 12972 | Lair:1   | Found a runed translucent door.
 13288 | Lair:1   | Noticed shakesphere1979's ghost (journeyman GrBe)
 13375 | Lair:2   | Identified 3 scrolls of acquirement
 13375 | Lair:2   | Acquired 461 gold pieces
 13377 | Lair:2   | Acquired 913 gold pieces
 13605 | D:2      | Bought a barding for 552 gold pieces
 13810 | D:10     | Bought a scroll of teleportation for 45 gold pieces
 13810 | D:10     | Bought a scroll of enchant armour for 112 gold pieces
 13810 | D:10     | Bought a scroll of fog for 60 gold pieces
 13810 | D:10     | Bought 3 scrolls of identify for 90 gold pieces
 13814 | D:10     | Reached XP level 12. HP: 113/113 MP: 16/16
 13814 | D:10     | Reached XP level 13. HP: 119/119 MP: 17/17
 13864 | D:10     | Bought a scroll of enchant armour for 120 gold pieces
 13864 | D:10     | Bought a scroll of teleportation for 48 gold pieces
 13864 | D:10     | Bought a scroll of teleportation for 48 gold pieces
 13975 | D:10     | Bought a potion of curing for 48 gold pieces
 13975 | D:10     | Bought a potion of curing for 48 gold pieces
 13975 | D:10     | Bought a potion of might for 64 gold pieces
 13975 | D:10     | Bought a potion of heal wounds for 80 gold pieces
 13975 | D:10     | Bought a potion of heal wounds for 80 gold pieces
 13975 | D:10     | Acquired a +2 barding of fire resistance
 14158 | Lair:1   | Killed shakesphere1979's ghost
 14174 | Lair:1   | Identified the staff of Suicidal Tendencies {Dex+3 Earth}
 14290 | Lair:2   | Found a hole to the Spider Nest.
 14356 | Lair:2   | Reached ***** piety under Okawaru
 14571 | Lair:2   | Noticed Harold
 14656 | Lair:2   | Killed Harold
 14657 | Lair:2   | Reached skill level 13 in Unarmed Combat
 15586 | Lair:3   | Found a staircase to the Shoals.
 15740 | Lair:3   | HP: 5/119 [black mamba (10)]
 15752 | Lair:3   | Reached skill level 14 in Unarmed Combat
 16106 | Lair:3   | Found a runed translucent door.
 16109 | Lair:3   | Noticed Ifupes's ghost (journeyman DsCK)
 16573 | Lair:4   | Received a gift from Okawaru
 16749 | Lair:4   | Reached skill level 10 in Shapeshifting
 16749 | Lair:4   | Reached XP level 14. HP: 127/127 MP: 18/18
 17060 | Lair:4   | Received a gift from Okawaru
 17413 | Lair:4   | Found a staircase to the Slime Pits.
 17444 | Lair:5   | Entered Level 5 of the Lair of Beasts
 17857 | Lair:5   | Reached skill level 10 in Fighting
 17912 | Lair:5   | HP: 4/130 [cane toad (3)]
 17912 | Lair:5   | Succumbed to a cane toad's poison

Illustrated notes

Levels and vault maps discovered:
D:1:      scummos_arrival_simple_crosswalls, layout_loops_corners, st_stairs_10,
          roderic_malta_cross, chequers_avenue
D:2:      layout_basic, serial_shops, nicolae_shop_rolling_square,
          hangedman_decor_peaks_small, uniq_crazy_yiuf_cottage, uniq_robin,
          uniq_natasha, uniq_jessica
D:3:      layout_loops_cross, nicolae_ashenzari_panopticon,
          chequers_ecumenical_altar_grove
D:4:      layout_loops_corners, jmf_multi_god_temple2, uniq_grinder, uniq_pikel
D:5:      layout_loops_cross, minmay_temple_entry_waves,
          kennysheep_generic_room_9
D:6:      layout_basic, mainiacjoe_overflow_paths, serial_shops, shop,
          uniq_maggie, uniq_sigmund, uniq_menkaure
D:7:      minmay_spotlight, layout_loops_ring,
          gammafunk_ghost_wrathful_warriors, kennysheep_generic_room_2
D:8:      layout_cave_pods, feat_on_display, uniq_joseph
D:9:      layout_stronghold, enter_bailey_5
D:10:     layout_basic, david_lair_shrubbed, serial_shops,
          nicolae_shop_rolled_up, nicolae_inconvenience_store, shop, shop,
          nicolae_shop_just_a_little_nook, solitary_fountain,
          nicolae_concentric_dashed_squares_wild, minmay_st_funbox,
          grunt_ministairs_5, uniq_grum
Temple:   nicolae_temple_no_exploring_needed
Lair:1:   layout_chaotic_city, ebering_ghost_reflecting_pool
Lair:2:   layout_hall_layers, hellmonk_spider_entry_life_and_decay,
          grunt_megastairs_3, uniq_harold
Lair:3:   layout_layer_cave, shoals_dummy_entry, ebering_ghost_reflecting_pool,
          serial_bayou_shore_b
Lair:4:   layout_cave_pods, minmay_slime_entry_oklob_open,
          infiniplex_staircase_pool, serial_bayou_shore_b
Lair:5:   gammafunk_lair_ancient_temple, layout_concentric_octagons

Skill      XL: |  1  2  3  4  5  6  7  8  9 10 11 12 13 14 |
---------------+-------------------------------------------+-----
Unarmed Combat | 2 3 4 5 6 8 9 10 11 12 14 | 14.0
Fighting       | 3 5 6 7 9 10 | 10.8
Invocations    | 6 |  6.0
Shapeshifting  | 4 9 10 11 | 11.0
Armour         | 1 |  1.6
Evocations     | 4 |  4.0
Dodging        | |  1.3

Action                     |  1- 3 |  4- 6 |  7- 9 | 10-12 | 13-15 || total
---------------------------+-------+-------+-------+-------+-------++-------
  Melee: Unarmed           |   107 |   115 |   286 |   259 |   379 ||  1146
         Tailslap          |    14 |    16 |    43 |    35 |    84 ||   192
         Punch             |       |     1 |    12 |    17 |    50 ||    80
         Maw               |       |       |       |       |   112 ||   112
  Throw: Dart              |       |       |     4 |       |     5 ||     9
 Invoke: Heroism           |       |       |       |     4 |     7 ||    11
         Finesse           |       |       |       |       |     3 ||     3
  Evoke: Wand              |       |     1 |     1 |       |     3 ||     5
    Use: Scroll            |       |     7 |     4 |    15 |    15 ||    41
         Potion            |       |       |     1 |     1 |     3 ||     5
   Stab: Sleeping          |     1 |       |     1 |     3 |     1 ||     6
         Invisible         |       |     2 |       |       |       ||     2
 Armour: Animal skin       |     9 |       |       |       |       ||     9
         Ring mail         |    12 |     6 |       |       |       ||    18
         Scale mail        |       |    26 |    72 |       |       ||    98
         Skin              |       |       |    27 |       |   159 ||   186
         Robe              |       |       |    10 |    56 |       ||    66
  Dodge: Dodged            |    34 |    30 |    62 |    90 |    97 ||   313
   Form: Maw               |       |       |       |     1 |     1 ||     2
         Beast             |       |       |       |     1 |       ||     1

Table legend: (Time is in decaauts)
 A = Elapsed time spent in this place.
 B = Non-inter-level travel time spent in this place.
 C = Inter-level travel time spent in this place.
 D = Time resting spent in this place.
 E = Time spent auto-exploring this place.
 F = Levels seen in this place.
 G = Mean time per level.
                   A        B        C        D        E       F      G
               +--------+--------+--------+--------+--------+-----+--------+
         Total |  17743 |  15908 |   1835 |   3518 |   9481 |  17 | 1043.7 |
       Dungeon |  12750 |  11125 |   1625 |   2579 |   6662 |  10 | 1275.0 |
        Temple |     14 |      8 |      6 |      0 |      0 |   1 |   14.0 |
          Lair |   4533 |   4330 |    203 |    682 |   2819 |   5 |  906.6 |
        Bailey |    445 |    445 |      0 |    257 |      0 |   1 |  445.0 |
               +--------+--------+--------+--------+--------+-----+--------+

Top non-repeatable levels by time:
    D:10: 1696 daAuts
     D:4: 1616 daAuts
     D:6: 1423 daAuts
     D:8: 1394 daAuts
     D:2: 1331 daAuts
  Lair:3: 1317 daAuts
     D:9: 1302 daAuts
  Lair:4: 1280 daAuts
     D:7: 1192 daAuts
     D:3: 1090 daAuts
     D:1: 934 daAuts
  Lair:1: 918 daAuts
  Lair:2: 830 daAuts
     D:5: 768 daAuts
  Bailey: 445 daAuts
